 Dungeon Crawl Stone Soup version 0.27-a0-1591-gc56fcc985a (webtiles) character file.

Game seed: 3405812971462536877

102 robertstho the Magician (level 5, -4/37 HPs)
             Began as a Djinni Fire Elementalist on July 19, 2021.
             Killed by nerve-wracking pain
             ... invoked by an orc priest
              (10 damage)
             ... on level 3 of the Dungeon.
             The game lasted 00:03:36 (3167 turns).

robertstho the Magician (Djinni Fire Elementalist)  Turns: 3167, Time: 00:03:37

Health: -4/37      AC:  2    Str:  7    XL:     5   Next: 5%
Gold:   36         EV: 12    Int: 18    God:
                   SH:  0    Dex: 13

rFire    + + .     SeeInvis .   h - +0 dagger
rCold    x . .     Faith    .   (no shield)
rNeg     . . .     Spirit   .   a - +0 robe
rPois    ∞         Reflect  .   (no helmet)
rElec    .         Harm     .   (no cloak)
rCorr    .         Rampage  .   (no gloves)
Will     .....                  (boots unavailable)
Stlth    ++........             d - amulet of regeneration
HPRegen  1.12/turn              (no ring)
MPRegen  0.00/turn              (no ring)

@: flying
A: sickness immunity, fire resistance 2, cold vulnerability 1, float, innate
caster, hp casting, extra vitality 1
a: no special abilities


You were on level 3 of the Dungeon.
You visited 1 branch of the dungeon, and saw 3 of its levels.

You collected 36 gold pieces.

Inventory:

Hand Weapons
 h - a +0 dagger (weapon)
Missiles
 i - a throwing net
Armour
 a - a +0 robe (worn)
Jewellery
 d - an amulet of regeneration (around neck)
Scrolls
 c - a scroll of fog {unknown}
 f - a scroll of amnesia {unknown}
 g - a scroll of enchant armour {unknown}


   Skills:
 * Level 1.1 Fighting
 + Level 2.4 Dodging
 + Level 1.9 Stealth
 * Level 3.8 Spellcasting


You couldn't memorise any spells.
You knew the following spells:

 Your Spells              Type           Power      Damage    Failure   Level
a - Foxfire               Conj/Fire      68%        2x1d7     3%          1
b - Conjure Flame         Conj/Fire      17%        6-21      10%         3
c - Inner Flame           Hex/Fire       17%        N/A       10%         3
d - Sticky Flame          Conj/Fire      17%        2d4       30%         4
e - Fireball              Conj/Fire      8%         3d6       65%         5
f - Animate Skeleton      Necr           34%        N/A       3%          1
g - Poisonous Vapours     Pois/Air       34%        N/A       4%          2
Your spell library was empty.

Dungeon Overview and Level Annotations

Branches:
Dungeon (3/15)

Altars:

Annotations:
D:2 Terence


Innate Abilities, Weirdness & Mutations

You are immune to sickness and miasma.
You are immune to poison.
Your flesh is very heat resistant. (rF++)
You are vulnerable to cold. (rC-)
You float through the air rather than walking.
You learn spells naturally, not from books.
Your magical power is your life essence.
You have superior vitality. (+4 HP)


Message History

The power to cast Poisonous Vapours wells up from within.
Spell assigned to 'g'.
Okay, then.
You aren't carrying any items that you can evoke.
It was a potion of curing.
You feel better.
Casting: Foxfire (safe; 3% risk of failure)
Press: ? - help, Q - select action, (/) - cycle Dir - look around, f - activate You conjure some foxfire!
The orc hits you with a +0 flail.
Unknown command.
The foxfire hits the orc but does no damage.
The foxfire hits the orc.
The orc is moderately wounded.
The orc misses you.
Casting: Foxfire (safe; 3% risk of failure)
Press: ? - help, Q - select action, (/) - cycle Dir - look around, f - activate You conjure some foxfire!
The orc hits you with a +0 flail!
The foxfire hits the orc priest.
The orc priest is moderately wounded.
As you read the scroll labelled HACIPH PUEMYUTT, it crumbles to dust.
You hear a loud clanging noise!
It was a scroll of noise.
The foxfire hits the orc priest.
The orc priest is heavily wounded.
The orc hits you but does no damage.
Casting: Foxfire (safe; 3% risk of failure)
Confirm with . or Enter, or press ? or * to list all spells.
The spell is extremely dangerous to cast (30% risk of failure)!
Continue anyway?
Aiming: Sticky Flame (extremely dangerous; 30% risk of failure)
Press: ? - help, Shift-Dir - straight line, f - orc priest
Aim: an orc priest, wielding a +0 club (heavily wounded, 100% to hit)
You miscast Sticky Flame.
You are very lightly contaminated with residual magic.
The air around you crackles with energy!
* * * LOW HITPOINT WARNING * * *
x2 Unknown command.
It was a potion of cancellation.
You feel magically purged.
Your magical contamination has completely faded away.
The orc priest calls down the wrath of Beogh upon you.
Pain shoots through your body!
You die...

.......#....## #.#
########.#...# #.# #.#.#.# #.#
########.#.#.# #.#
......##.#.#.# #.#
#####.##.#.#.#########.#
#.#................#
#.#..#.##.###################
##'#.......oo@...............#
#......÷###.8o8############.##
#.......###............ #.#
#........#....8.8##### #.#
#............_.....§.# #.#
#........#8...8..###.# #.#
+.........##...#...#.# #.#
#.......#.##..8#..<..# #.#
####+#+##..#...####### #.#


You could see an orc priest and 2 orcs.

Vanquished Creatures
  An orc priest (D:3)
  An adder (D:3)
  A worm (D:3)
  2 dart slugs (D:1)
  An orc (D:3)
  5 ball pythons
  4 endoplasms
  5 giant cockroaches
  3 goblins
  5 hobgoblins
  2 jackals (D:1)
  4 quokkas (D:1)
  8 bats
  4 frilled lizards
  3 kobolds (D:1)
  4 rats
53 creatures vanquished.

Vanquished Creatures (others)
  273 foxfires
273 creatures vanquished.

Grand Total: 326 creatures vanquished

Notes
Turn   | Place    | Note
-------+----------+-------------------------------------------
     0 | D:1      | robertstho the Djinni Fire Elementalist began the quest for
                  | the Orb.
     0 | D:1      | Reached XP level 1. HP: 15/15 MP: 0/0
   315 | D:1      | Reached XP level 2. HP: 7/22 MP: 0/0
  1204 | D:1      | Reached XP level 3. HP: 24/26 MP: 0/0
  1204 | D:1      | Learned a level 1 spell: Animate Skeleton
  1247 | D:1      | Reached skill level 3 in Spellcasting
  2296 | D:2      | Noticed Terence
  2746 | D:2      | Reached XP level 4. HP: 31/31 MP: 0/0
  2897 | D:3      | Found a faded altar of an unknown god.
  2919 | D:3      | Reached skill level 1 in Fighting
  3161 | D:3      | Reached XP level 5. HP: 17/37 MP: 0/0
  3161 | D:3      | Learned a level 2 spell: Poisonous Vapours
  3167 | D:3      | Killed from afar by an orc priest

Illustrated notes

Levels and vault maps discovered:
D:1:      dpeg_arrival_orchard, layout_basic, st_stairs_5,
          hangedman_decor_lopped
D:2:      layout_loops_corners, uniq_terence, uniq_natasha
D:3:      layout_basic, mainiacjoe_overflow_six_doors_small,
          ebering_ecumenical_altar_ruins

Skill      XL: |  1  2  3  4 |
---------------+-------------+-----
Spellcasting   | 3 |  3.8
Fighting       | 1 |  1.1
Dodging        | |  2.4
Stealth        | |  1.9

Action                   |  1- 3 |  4- 6 || total
-------------------------+-------+-------++-------
Melee: Unarmed           |     1 |       ||     1
 Cast: Foxfire           |   134 |    54 ||   188
       Sticky Flame      |       |     1 ||     1
  Use: Potion            |       |     2 ||     2
       Scroll            |       |     1 ||     1
Armor: Robe              |     5 |     2 ||     7
Dodge: Dodged            |    22 |     9 ||    31

Table legend: (Time is in decaauts)
 A = Elapsed time spent in this place.
 B = Non-inter-level travel time spent in this place.
 C = Inter-level travel time spent in this place.
 D = Time resting spent in this place.
 E = Time spent auto-exploring this place.
 F = Levels seen in this place.
 G = Mean time per level.
                   A        B        C        D        E       F      G
               +--------+--------+--------+--------+--------+-----+--------+
         Total |   3167 |   3086 |     81 |      0 |   2697 |   3 | 1055.7 |
       Dungeon |   3167 |   3086 |     81 |      0 |   2697 |   3 | 1055.7 |
               +--------+--------+--------+--------+--------+-----+--------+

Top non-repeatable levels by time:
     D:1: 2312 daAuts
     D:2: 585 daAuts
     D:3: 269 daAuts
